 Dungeon Crawl Stone Soup version 0.21.1-1-g345015f (webtiles) character file.

52 pstr the Sneak (level 3, -4/28 HPs)
             Began as a Naga Earth Elementalist on Feb 17, 2018.
             Slain by a gnoll
             ... wielding a +0 spear
              (11 damage)
             ... on level 1 of the Dungeon.
             The game lasted 00:02:20 (1867 turns).

pstr the Sneak (Naga Earth Elementalist)            Turns: 1867, Time: 00:02:21

Health: -4/28      AC:  2    Str: 10    XL:     3   Next: 85%
Magic:  7/7        EV: 10    Int: 16    God:
Gold:   60         SH:  0    Dex: 11    Spells: 3/7 levels left

rFire    . . .     SeeInvis +   (no weapon)
rCold    . . .     Gourm    .   (no shield)
rNeg     . . .     Faith    .   c - +0 robe
rPois    +         Spirit   .   (no helmet)
rElec    .         Reflect  .   (no cloak)
rCorr    .         Harm     .   (no gloves)
MR       .....                  (no barding)
Stlth    ++........             (no amulet)
HPRegen  0.09/turn              (no ring)
MPRegen  0.10/turn              (no ring)

@: very slow
A: large, see invisible, deformed body, poison resistance, slowness 2, slow
metabolism 1, spit poison 1, AC +1
a: Spit Poison


You were on level 1 of the Dungeon.
You were not hungry.

You visited 1 branch of the dungeon, and saw 2 of its levels.

You collected 60 gold pieces.

Inventory:

Missiles
 b - 33 stones (quivered)
Armour
 c - a +0 robe (worn)
Scrolls
 a - a scroll of remove curse {unknown}
 h - a scroll of identify {unknown}
 j - a scroll of enchant armour {unknown}
Potions
 f - a potion of haste {unknown}
 g - a potion of magic {unknown}
 i - a potion of brilliance {unknown}
Books
 e - a book of Geomancy

   Spells                             Type                      Level
   a - Sandblast                      Earth                        1
   b - Passwall                       Transmutation/Earth          2
   c - Stone Arrow                    Conjuration/Earth            3
   d - Petrify                        Transmutation/Earth          4
   e - Lee's Rapid Deconstruction     Earth                        5
Comestibles
 d - 3 rations
 k - 2 chunks of flesh


   Skills:
 + Level 1.7 Dodging
 + Level 3.7 Stealth
 + Level 2.8 Spellcasting
 + Level 0.2 Conjurations
   Level 1.0 Transmutations
 + Level 3.5 Earth Magic


You had 3 spell levels left.
You knew the following spells:

 Your Spells              Type           Power        Failure   Level  Hunger
a - Sandblast             Erth           ##....       4%          1    #......
b - Stone Arrow           Conj/Erth      #.....       26%         3    ###....


Dungeon Overview and Level Annotations

Branches:
Dungeon (2/15)

Altars:


Innate Abilities, Weirdness & Mutations

You cannot wear boots.
Your serpentine skin is tough. (AC +1)
You have supernaturally acute eyesight. (SInv)
Armour fits poorly on your strangely shaped body.
Your system is resistant to poisons. (rPois)
You cover ground very slowly.
You have a slow metabolism.
You can spit poison.


Message History

You start resting.
Eating one of 4 chunks of flesh.
You eat one of the 4 chunks of flesh.
This raw flesh tastes terrible.
You are feeling hungry.
Eating one of 3 chunks of flesh.
You eat one of the 3 chunks of flesh.
This raw flesh tastes terrible.
Your magical contamination has completely faded away.
You start resting.
Magic restored.
You climb downwards.
A frilled lizard comes into view.
The gnoll closely misses you. The gnoll barely misses you.
A worm and a hobgoblin come into view.
There is a stone staircase leading up here.
The gnoll closely misses you. The gnoll hits you.
You climb upwards.
There is a stone staircase leading down, spattered with blood here.
The gnoll hits you with a spear!
* * * LOW HITPOINT WARNING * * *
The gnoll hits you from afar with a spear!
You die...

########.#..#.# #.#.# #.
#......#.#..#.# #.#.# #.
#.####.#.#..#.# #.#.# #.
#.# #.#.#..#.# #.#.# #.
#.# #.#.#..#.###.#.####.
#.# #.#.#..#.#...#....'.
#.# ###.#..#.#.########.
#.# #.#..#............
#.######@#..#...........#
#.#...>g....#.#.######.##
#.#....g....#.#.#........
#.#.........#.#.#.#.#...#
#.#.........#.#.#.#.#...#
#.######'####.#.#.#.#....
#.# #.####.#.#...#.#.#
#.# #.##...#.#####.#.#
#.######.##...#.#........


You could see 2 gnolls.

Vanquished Creatures
  2 gnolls (D:1)
  2 oozes (D:1)
  A worm (D:1)
  A dart slug (D:1)
  3 leopard geckos (D:1)
  A goblin (D:1)
  A hobgoblin (D:1)
  4 bats (D:1)
  4 kobolds (D:1)
  A rat (D:1)
20 creatures vanquished.

Notes
Turn   | Place    | Note
-------+----------+-------------------------------------------
     0 | D:1      | pstr the Naga Earth Elementalist began the quest for the Orb.
     0 | D:1      | Reached XP level 1. HP: 15/15 MP: 3/3
    62 | D:1      | Reached XP level 2. HP: 12/22 MP: 0/5
   475 | D:1      | Reached XP level 3. HP: 28/28 MP: 4/6
   480 | D:1      | Learned a level 3 spell: Stone Arrow
  1867 | D:1      | Slain by a gnoll

Action                   || total
-------------------------++-------
 Cast: Sandblast         ||    18
       Stone Arrow       ||    13
 Abil: Spit Poison       ||     4
  Eat: Chunk             ||     4
Dodge: Dodged            ||     3
